Map: Orbital Shipyard

Players

ArmyofUltras - Winner!

  • Race: Zerg Zerg
  • League: Silver

Toons

  • Race: Zerg Zerg
  • League: Silver

VOD

Have the link to the VOD?

Description

Time

  • Played on: Aug. 3, 2015, 7:07 a.m.
  • Length: 14:40
Show
View Real Time Build Order
Export as new Build Order

ArmyofUltras Zerg - Winner!

Build Orders: Hatch First 

Get SALT Encoding   

  12  0:01  Drone  
  13  0:11  Drone  
  14  0:21  Extractor  
  14  0:22  Drone x2, Extractor  
  16  0:50  Hatchery  
  16  0:51  Overlord  
  15  1:09  Drone x3  
  18  1:22  Spawning Pool  
  18  1:25  Drone  
  18  1:29  Extractor  
  17  1:37  Drone  
  18  1:41  Drone  
  19  2:11  Queen x2  
  19  2:14  Zergling x2  
  19  2:15  Zergling x4  
  26  2:26  Drone x2  
  26  2:28  Overlord  
  28  2:49  Drone  
  28  2:50  Drone  
  28  2:55  Zergling x6  
  28  3:23  Queen  
  30  3:27  Queen  
  30  3:28  Drone  
  30  3:29  Drone x3  
  30  3:31  Overlord x3  
  36  3:47  Metabolic Boost  
  33  3:57  Zergling x2  
  33  3:58  Zergling x14  
  37  4:03  Pneumatized Carapace  
  31  4:20  Queen  
  33  4:40  Drone x3  
  36  4:51  Drone x3  
  39  4:54  Drone  
  39  4:55  Drone x3  
  43  5:04  Drone  
  44  5:08  Lair  
  44  5:11  Drone  
  44  5:13  Drone  
  46  5:30  Drone x4  
  46  5:33  Extractor  
  46  5:34  Extractor  
  48  5:44  Drone  
  48  5:45  Drone  
  48  5:46  Drone  
  51  5:52  Drone x3  
  51  5:56  Extractor  
  53  6:00  Drone x3  
  53  6:01  Overlord  
  56  6:18  Hydralisk Den  
  55  6:31  Drone x3  
  58  6:39  Drone x2  
  61  6:40  Evolution Chamber, Drone  
  61  6:41  Evolution Chamber  
  61  6:43  Queen  
  61  6:52  Hydralisk x3  
  67  6:56  Overlord x4  
  67  7:07  Zerg Missile Weapons Level 1  
  67  7:09  Zerg Melee Weapons Level 1  
  67  7:17  Hydralisk x4  
  75  7:31  Muscular Augments  
  75  7:33  Zergling x2  
  75  7:34  Zergling x22  
  79  8:01  Hatchery, Spine Crawler  
  79  8:03  Spine Crawler, Hydralisk  
  79  8:04  Hydralisk x6  
  80  8:06  Spine Crawler  
  78  8:33  Overlord x3  
  78  8:34  Overlord  
  78  8:45  Drone x2  
  78  8:46  Drone x5  
  85  8:55  Infestation Pit  
  84  9:28  Spine Crawler  
  83  9:31  Spine Crawler  
  83  9:36  Drone x3  
  85  9:47  Drone  
  85  9:48  Drone x2  
  85  9:49  Drone x5  
  85  9:50  Drone  
  94  9:53  Zerg Missile Weapons Level 2, Extractor x2  
  94  9:55  Zerg Ground Armor Level 1  
  94  9:58  Hive  
  92  10:01  Drone x3  
  92  10:02  Drone  
  92  10:05  Drone x2  
  98  10:10  Overlord  
  98  10:39  Drone  
  98  10:40  Drone x7  
  98  10:41  Spine Crawler x2  
  98  10:42  Spine Crawler  
  103  11:01  Overlord x4  
  103  11:02  Overlord x2  
  103  11:11  Hatchery  
  102  11:41  Spine Crawler  
  102  11:44  Spine Crawler  
  102  11:45  Spine Crawler x2  
  98  11:49  Adrenal Glands, Zerg Melee Weapons Level 2  
  98  11:50  Ultralisk Cavern  
  97  12:02  Zergling x2  
  97  12:03  Zergling x28  
  112  12:08  Zerg Ground Armor Level 2  
  112  12:24  Overlord x4  
  112  12:25  Overlord x2  
  112  12:27  Overseer x2  
  112  12:38  Ultralisk  
  112  12:39  Ultralisk x9  
  112  12:41  Chitinous Plating  
  172  12:46  Hydralisk  
  172  12:47  Hydralisk  
  172  12:48  Zergling x2  
  172  12:49  Zergling x16  
  185  13:22  Ultralisk x2  
Show
View Real Time Build Order
Export as new Build Order

Toons Zerg 

Build Orders: Pool First 

Get SALT Encoding   

  12  0:01  Drone  
  13  0:11  Drone  
  14  0:21  Overlord  
  14  0:27  Extractor  
  14  0:28  Drone  
  15  0:43  Spawning Pool  
  15  0:48  Drone  
  15  0:49  Drone  
  16  0:54  Extractor  
  15  1:06  Drone  
  16  1:20  Hatchery  
  16  1:23  Overlord  
  16  1:24  Drone  
  16  1:34  Zergling x2  
  17  1:42  Queen  
  19  1:59  Zergling x2  
  19  2:00  Zergling x4  
  22  2:01  Metabolic Boost  
  22  2:11  Overlord  
  24  2:24  Drone  
  23  2:33  Overlord  
  23  2:34  Drone  
  23  2:58  Zergling x14  
  30  3:03  Queen  
  31  3:20  Overlord x2  
  31  3:23  Drone x2  
  33  3:34  Extractor  
  32  3:43  Extractor  
  32  3:48  Extractor  
  29  3:56  Zergling x6  
  29  3:57  Zergling x4  
  28  4:15  Overlord, Drone  
  28  4:16  Drone x5  
  34  4:17  Drone  
  35  4:27  Drone x2  
  37  4:37  Spine Crawler  
  36  4:51  Drone x5  
  36  4:52  Drone x3  
  44  5:10  Evolution Chamber  
  44  5:11  Spine Crawler  
  42  5:38  Roach Warren  
  42  5:40  Drone x3  
  42  5:41  Drone x4  
  48  5:48  Lair  
  48  5:51  Zerg Melee Weapons Level 1  
  48  6:18  Drone x4  
  50  6:19  Drone x4, Overlord  
  50  6:20  Overlord  
  56  6:30  Roach  
  56  6:31  Roach x5  
  68  6:38  Roach x2  
  72  6:42  Roach x2  
  76  7:01  Zergling x2  
  76  7:02  Zergling x6  
  76  7:04  Hatchery  
  76  7:06  Glial Reconstitution  
  79  7:11  Queen  
  81  7:28  Zergling x2  
  81  7:29  Overlord x2, Zergling x4  
  84  7:30  Overlord  
  84  7:37  Spire  
  84  7:40  Spore Crawler  
  82  7:45  Zerg Missile Weapons Level 1  
  83  7:51  Zergling x8  
  83  7:52  Zergling x16  
  66  8:27  Roach x6  
  66  8:28  Roach x6  
  66  8:29  Queen  
  90  8:39  Drone x4  
  94  8:53  Infestation Pit  
  93  9:13  Drone x3  
  96  9:18  Spore Crawler  
  96  9:20  Spine Crawler  
  96  9:23  Spine Crawler  
  93  9:27  Spine Crawler  
  92  9:36  Hive  
  92  9:54  Drone  
  92  9:55  Drone x6  
  92  9:56  Drone x5  
  104  10:23  Hatchery  
  104  10:25  Zerg Melee Weapons Level 2  
  103  10:31  Evolution Chamber  
  103  10:34  Infestor  
  103  10:35  Infestor x5  
  114  10:58  Zerg Ground Armor Level 1  
  114  11:04  Greater Spire  
  114  11:10  Overlord x4  
  114  11:11  Overlord  
  114  11:46  Extractor  
  113  11:48  Extractor  
  113  11:53  Corruptor x16  
  132  11:57  Overlord  
  132  11:58  Overlord x4  
  144  12:20  Zerg Flyer Weapons Level 1  
  144  12:32  Brood Lord x2  
  148  12:44  Drone x4  
  152  12:56  Drone  
  152  12:57  Drone x6  
  152  12:58  Drone  
  160  13:04  Brood Lord x3  
  166  13:11  Overseer x2  
  166  13:12  Overseer  
  166  13:18  Extractor  
  165  13:20  Extractor  
  164  13:28  Drone x2  
  164  13:29  Drone x4  
  170  13:42  Spine Crawler  
Tags
 
Add a new tag
Caveats
  • Supply blocks, unpowered buildings, or Contaminate may cause inaccurate times.
  • Supply counts are checked every 10 seconds.